NCAA
PACIFIC TIGERS @ LONG BEACH STATE 49ERS
03/30/2060
 
TOP OF THE 1ST
Pacific Tigers batting - Pitching for Long Beach State 49ers : RHP Isaac Koch
Pitching: RHP Isaac Koch
Batting: RHB Dillon Cope 0-0: Ground out 6-3 (Groundball, 6, EV 81.9 MPH)
Batting: RHB Keaton Borneman 0-0: Ball
1-0: Foul Ball, location: 2F
1-1: Ball
2-1: Called Strike
2-2: Ground out 4-3 (Groundball, 4S, EV 86.2 MPH)
Batting: LHB Deontay Gardner 0-0: Called Strike
0-1: Ball
1-1: Ball
2-1: SOLO HOME RUN (Flyball, 7LD, EV 90.0 MPH), Distance : 330 ft
Batting: RHB R.C. Fees 0-0: Called Strike
0-1: SINGLE (Line Drive, 6MD, EV 99.4 MPH)
Batting: SHB Kyler Schuff 0-0: Ball
1-0: Swinging Strike
1-1: Called Strike
1-2: Fly out, F8 (Flyball, 78M, EV 88.8 MPH)
Top of the 1st over - 1 run, 2 hits, 0 errors, 1 left on base; Pacific 1 - Long Beach State 0
BOTTOM OF THE 1ST
Long Beach State 49ers batting - Pitching for Pacific Tigers : RHP Cameron Gordon
Pitching: RHP Cameron Gordon
Batting: RHB Taylor Hughes 0-0: Ball
1-0: Foul Ball, location: 2F
1-1: Fly out, F9 (Line Drive, 89M, EV 91.9 MPH)
Batting: LHB Chase Johnson 0-0: Ball
1-0: Foul Ball, location: 2F
1-1: Swinging Strike
1-2: Strikes out swinging
Batting: LHB Kellen Todd 0-0: Ball
1-0: Ball
2-0: Called Strike
2-1: SINGLE (Groundball, 56S, EV 66.9 MPH) (infield hit)
Batting: RHB Jayson Artmann 0-0: Ball
Kellen Todd steals 2nd base
1-0: Called Strike
1-1: Foul Ball, location: 2F
1-2: Foul Ball, location: 2F
1-2: Ball
2-2: Strikes out swinging
Bottom of the 1st over - 0 runs, 1 hit, 0 errors, 1 left on base; Pacific 1 - Long Beach State 0
TOP OF THE 2ND
Pacific Tigers batting - Pitching for Long Beach State 49ers : RHP Isaac Koch
Batting: SHB Henry Champion 0-0: Ball
1-0: Foul Ball, location: 2F
1-1: Ball
2-1: Ball
3-1: Ground out 5-3 (Groundball, 5L, EV 111.2 MPH)
Batting: RHB Joey Tindall 0-0: Called Strike
0-1: SINGLE (Line Drive, 7LS, EV 88.1 MPH)
Batting: RHB Devin Pickett 0-0: Ball
Joey Tindall steals 2nd base
1-0: Ball
2-0: Fly out, F4 (Popup, 4S, EV 81.2 MPH)
Batting: RHB Lemarr Fornasari 0-0: Ball
1-0: SINGLE (Groundball, 6MD, EV 105.6 MPH)
Joey Tindall to third
Runner from 3rd tries for Home, SAFE, throw by CF to home
Batting: RHB Dillon Cope 0-0: Swinging Strike
0-1: Foul Ball, location: 2F
0-2: Strikes out swinging
Top of the 2nd over - 1 run, 2 hits, 0 errors, 1 left on base; Pacific 2 - Long Beach State 0
BOTTOM OF THE 2ND
Long Beach State 49ers batting - Pitching for Pacific Tigers : RHP Cameron Gordon
Batting: LHB Harrison Cottrell 0-0: Swinging Strike
0-1: Fly out, F8 (Flyball, 8RM, EV 90.0 MPH)
Batting: RHB Ferd Chamberlain 0-0: Foul Ball, location: 2F
0-1: Ball
1-1: Foul Ball, location: 2F
1-2: Ball
2-2: DOUBLE (Flyball, 89XD, EV 110.6 MPH)
Batting: LHB Vince Key 0-0: Foul Ball, location: 2F
0-1: Ball
1-1: Called Strike
1-2: Foul Ball, location: 2F
1-2: Foul Ball, location: 2F
1-2: Fly out, F7 (Flyball, 78M, EV 94.4 MPH)
Batting: SHB Desi Madden 0-0: SINGLE (Flyball, 8LS, EV 90.0 MPH)
Ferd Chamberlain to third
Runner from 3rd tries for Home, SAFE, throw by CF to home
Batting: RHB Dick Fendley 0-0: Ball
1-0: Called Strike
1-1: Ball
2-1: Fly out, F8 (Flyball, 8RD, EV 109.4 MPH)
Bottom of the 2nd over - 1 run, 2 hits, 0 errors, 1 left on base; Pacific 2 - Long Beach State 1
TOP OF THE 3RD
Pacific Tigers batting - Pitching for Long Beach State 49ers : RHP Isaac Koch
Batting: RHB Keaton Borneman 0-0: Ball
1-0: Ball
2-0: Called Strike
2-1: Ball
3-1: Foul Ball, location: 2F
3-2: Base on Balls
Batting: LHB Deontay Gardner 0-0: Ball
1-0: Ball
2-0: Ball
3-0: Base on Balls
Keaton Borneman to second
Batting: RHB R.C. Fees 0-0: Called Strike
0-1: Foul Ball, location: 2F
0-2: Strikes out swinging
Batting: SHB Kyler Schuff 0-0: Grounds into double play, 4-6-3 (Groundball, 4S, EV 88.1 MPH)
Top of the 3rd over - 0 runs, 0 hits, 0 errors, 1 left on base; Pacific 2 - Long Beach State 1
BOTTOM OF THE 3RD
Long Beach State 49ers batting - Pitching for Pacific Tigers : RHP Cameron Gordon
Batting: RHB Taylor Hughes 0-0: Ball
1-0: Ball
2-0: Swinging Strike
2-1: Ball
3-1: Called Strike
3-2: Strikes out swinging
Batting: LHB Chase Johnson 0-0: Called Strike
0-1: Swinging Strike
0-2: Foul Ball, location: 2F
0-2: Ball
1-2: Ball
2-2: Strikes out swinging
Batting: LHB Kellen Todd 0-0: Ground out 4-3 (Groundball, 4, EV 96.9 MPH)
Bottom of the 3rd over - 0 runs, 0 hits, 0 errors, 0 left on base; Pacific 2 - Long Beach State 1
TOP OF THE 4TH
Pacific Tigers batting - Pitching for Long Beach State 49ers : RHP Isaac Koch
Batting: SHB Henry Champion 0-0: Ball
1-0: Called Strike
1-1: Fly out, F9 (Flyball, 9S, EV 82.5 MPH)
Batting: RHB Joey Tindall 0-0: Foul Ball, location: 2F
0-1: Fly out, F8 (Flyball, 89XD, EV 93.8 MPH)
Batting: RHB Devin Pickett 0-0: Ball
1-0: Swinging Strike
1-1: Ball
2-1: Ball
3-1: Ground out 5-3 (Groundball, 56, EV 77.5 MPH)
Top of the 4th over - 0 runs, 0 hits, 0 errors, 0 left on base; Pacific 2 - Long Beach State 1
BOTTOM OF THE 4TH
Long Beach State 49ers batting - Pitching for Pacific Tigers : RHP Cameron Gordon
Batting: RHB Jayson Artmann 0-0: Ball
1-0: Foul Ball, location: 2F
1-1: Foul Ball, location: 2F
1-2: Fly out, F7 (Line Drive, 7S, EV 90.6 MPH)
Batting: LHB Harrison Cottrell 0-0: Foul Ball, location: 2F
0-1: Foul Ball, location: 2F
0-2: Ball
1-2: Foul Ball, location: 2F
1-2: Ball
2-2: Foul Ball, location: 2F
2-2: Strikes out looking
Batting: RHB Ferd Chamberlain 0-0: Ball
1-0: Ball
2-0: Ball
3-0: Called Strike
3-1: Called Strike
3-2: Strikes out swinging
Bottom of the 4th over - 0 runs, 0 hits, 0 errors, 0 left on base; Pacific 2 - Long Beach State 1
TOP OF THE 5TH
Pacific Tigers batting - Pitching for Long Beach State 49ers : RHP Isaac Koch
Batting: RHB Lemarr Fornasari 0-0: Ball
1-0: SINGLE (Line Drive, 89S, EV 96.2 MPH)
Batting: RHB Dillon Cope 0-0: Called Strike
0-1: Foul Ball, location: 2F
0-2: 2-RUN HOME RUN (Flyball, 7LD, EV 96.2 MPH), Distance : 330 ft
Batting: RHB Keaton Borneman 0-0: Ball
1-0: DOUBLE (Flyball, 9LD, EV 106.2 MPH)
Batting: LHB Deontay Gardner 0-0: Ball
1-0: SINGLE (Line Drive, 78S, EV 108.1 MPH)
Keaton Borneman to third
Runner from 3rd tries for Home, SAFE, throw by LF to home
Pitching: LHP Vince Hafer
Batting: RHB R.C. Fees 0-0: Ball
1-0: Swinging Strike
1-1: Foul Ball, location: 2F
1-2: Ball
2-2: Ball
3-2: Foul Ball, location: 2F
3-2: Fly out, F7 (Flyball, 7, EV 90.0 MPH)
Batting: SHB Kyler Schuff 0-0: Called Strike
0-1: Fly out, F8 (Flyball, 89M, EV 95.6 MPH)
Batting: SHB Henry Champion 0-0: Ground out 5-3 (Groundball, 5S, EV 70.0 MPH)
Top of the 5th over - 3 runs, 4 hits, 0 errors, 1 left on base; Pacific 5 - Long Beach State 1
BOTTOM OF THE 5TH
Long Beach State 49ers batting - Pitching for Pacific Tigers : RHP Cameron Gordon
Batting: LHB Vince Key 0-0: Called Strike
0-1: Foul Ball, location: 2F
0-2: Ball
1-2: Foul Ball, location: 2F
1-2: Ball
2-2: Ball
3-2: SINGLE (Flyball, 8LS, EV 100.0 MPH)
Batting: SHB Desi Madden 0-0: Foul Ball, location: 2F
0-1: Ball
1-1: Ball
2-1: Ball
3-1: SINGLE (Groundball, 34D, EV 102.5 MPH)
Vince Key to second
Batting: RHB Dick Fendley 0-0: Foul Ball, location: 2F
0-1: Ball
1-1: Grounds into double play, 6-4-3 (Groundball, 6, EV 101.9 MPH)
Vince Key to third
Pitching: RHP Matt Boyett
Batting: RHB Taylor Hughes 0-0: Ball
1-0: Called Strike
1-1: Ball
2-1: Ball
3-1: Base on Balls
Batting: LHB Chase Johnson 0-0: Ball
1-0: Ball
2-0: Ball
3-0: Called Strike
3-1: Base on Balls
Taylor Hughes to second
Batting: LHB Kellen Todd 0-0: Called Strike
0-1: Ball
1-1: Fly out, F9 (Flyball, 9D, EV 89.4 MPH)
Bottom of the 5th over - 0 runs, 2 hits, 0 errors, 3 left on base; Pacific 5 - Long Beach State 1
TOP OF THE 6TH
Pacific Tigers batting - Pitching for Long Beach State 49ers : LHP Vince Hafer
Batting: RHB Joey Tindall 0-0: Ball
1-0: Called Strike
1-1: Ball
2-1: Foul Ball, location: 2F
2-2: Foul Ball, location: 2F
2-2: Ball
3-2: Base on Balls
Batting: RHB Devin Pickett 0-0: Called Strike
Joey Tindall steals 2nd base
0-1: Foul Ball, location: 2F
0-2: Foul Ball, location: 2F
0-2: Foul Ball, location: 2F
0-2: Foul Ball, location: 2F
0-2: Foul Ball, location: 2F
0-2: Ball
1-2: Ground out 6-3 (Groundball, 6, EV 82.5 MPH)
Joey Tindall to third
Batting: RHB Lemarr Fornasari 0-0: Ball
1-0: Ball
2-0: SINGLE (Line Drive, 6MD, EV 94.4 MPH)
Joey Tindall scores
Batting: RHB Dillon Cope 0-0: Foul Ball, location: 2F
0-1: Fly out, F8 (Flyball, 8LXD, EV 85.0 MPH)
Batting: RHB Keaton Borneman 0-0: Called Strike
0-1: Called Strike
0-2: Ball
Wild Pitch!
Lemarr Fornasari to second
1-2: Ball
2-2: Ball
3-2: Base on Balls
Batting: LHB Deontay Gardner 0-0: Called Strike
0-1: Swinging Strike
0-2: Ball
1-2: Ball
2-2: Ball
3-2: Base on Balls
Lemarr Fornasari to third
Keaton Borneman to second
Batting: RHB R.C. Fees 0-0: Called Strike
0-1: Swinging Strike
0-2: Ball
1-2: Ball
2-2: Foul Ball, location: 2F
2-2: Strikes out looking
Top of the 6th over - 1 run, 1 hit, 0 errors, 3 left on base; Pacific 6 - Long Beach State 1
BOTTOM OF THE 6TH
Long Beach State 49ers batting - Pitching for Pacific Tigers : RHP Matt Boyett
Batting: RHB Jayson Artmann 0-0: Ball
1-0: Foul Ball, location: 2F
1-1: Fly out, F8 (Flyball, 8RM, EV 90.0 MPH)
Batting: LHB Harrison Cottrell 0-0: Called Strike
0-1: Ball
1-1: Foul Ball, location: 2F
1-2: Ball
2-2: Strikes out swinging
Batting: RHB Ferd Chamberlain 0-0: Ball
1-0: Ball
2-0: Ball
3-0: Called Strike
3-1: Called Strike
3-2: Strikes out swinging
Bottom of the 6th over - 0 runs, 0 hits, 0 errors, 0 left on base; Pacific 6 - Long Beach State 1
TOP OF THE 7TH
Pacific Tigers batting - Pitching for Long Beach State 49ers : LHP Vince Hafer
Batting: SHB Kyler Schuff 0-0: Ball
1-0: Ball
2-0: Ball
3-0: Called Strike
3-1: Base on Balls
Pitching: RHP Bert Sprayberry
Batting: SHB Henry Champion 0-0: Ball
1-0: Ball
2-0: Single, Error in OF, E7, batter to second base (Line Drive, 7S, EV 91.2 MPH)
Kyler Schuff to third
Batting: RHB Joey Tindall 0-0: Ball
1-0: Ball
2-0: DOUBLE (Line Drive, 3D, EV 96.9 MPH)
Kyler Schuff scores
Henry Champion scores
Pinch Hitting: RHB Kris Green 0-0: Ball
1-0: Foul Ball, location: 2F
1-1: Called Strike
1-2: Ground out 6-3 (Groundball, 6, EV 80.0 MPH)
Joey Tindall to third
Batting: RHB Lemarr Fornasari 0-0: Foul Ball, location: 2F
Balk!
Joey Tindall scores
0-1: Swinging Strike
0-2: Fly out, F4 (Line Drive, 4, EV 66.9 MPH)
Pinch Hitting: RHB Darrow Hall 0-0: Foul Ball, location: 2F
0-1: Foul Ball, location: 2F
0-2: Strikes out swinging
Top of the 7th over - 3 runs, 2 hits, 1 error, 0 left on base; Pacific 9 - Long Beach State 1
BOTTOM OF THE 7TH
Long Beach State 49ers batting - Pitching for Pacific Tigers : RHP Matt Boyett
Now at 2B: Kris Green
Now in CF: Darrow Hall
Batting: LHB Vince Key 0-0: Called Strike
0-1: Ball
1-1: Ball
2-1: Called Strike
2-2: Ball
3-2: Base on Balls
Batting: SHB Desi Madden 0-0: Ball
1-0: Ball
2-0: Foul Ball, location: 2F
2-1: Fly out, F2 (Popup, 25F, EV 76.2 MPH)
Batting: RHB Dick Fendley 0-0: Ball
1-0: Fly out, F8 (Flyball, 8RD, EV 93.8 MPH)
Batting: RHB Taylor Hughes 0-0: Ball
1-0: Ball
2-0: Ball
3-0: Called Strike
3-1: Swinging Strike
3-2: Base on Balls
Vince Key to second
Pitching: LHP Dule Sierra
Batting: LHB Chase Johnson 0-0: Foul Ball, location: 2F
0-1: Ball
1-1: Foul Ball, location: 2F
1-2: Strikes out swinging
Bottom of the 7th over - 0 runs, 0 hits, 0 errors, 2 left on base; Pacific 9 - Long Beach State 1
TOP OF THE 8TH
Pacific Tigers batting - Pitching for Long Beach State 49ers : RHP Bert Sprayberry
Batting: RHB Keaton Borneman 0-0: Ball
1-0: SINGLE (Flyball, 78S, EV 90.0 MPH)
Batting: LHB Deontay Gardner 0-0: Ball
1-0: Ball
2-0: Called Strike
2-1: Called Strike
2-2: Strikes out swinging
Batting: RHB R.C. Fees 0-0: Called Strike
0-1: Swinging Strike
0-2: Ball
1-2: Hit by Pitch
Keaton Borneman to second
Batting: SHB Kyler Schuff 0-0: SINGLE (Groundball, 6MD, EV 94.4 MPH)
Keaton Borneman to third
R.C. Fees to second
Runner from 3rd tries for Home, throw by CF and OUT! 8-2
Batting: SHB Henry Champion 0-0: DOUBLE (Flyball, 78D, EV 102.5 MPH)
R.C. Fees scores
Kyler Schuff to third
Batting: RHB Joey Tindall 0-0: Called Strike
0-1: Ball
1-1: Foul Ball, location: 2F
1-2: Ground out 5-3 (Groundball, 5, EV 84.4 MPH)
Top of the 8th over - 1 run, 3 hits, 0 errors, 2 left on base; Pacific 10 - Long Beach State 1
BOTTOM OF THE 8TH
Long Beach State 49ers batting - Pitching for Pacific Tigers : LHP Dule Sierra
Batting: LHB Kellen Todd 0-0: Ball
1-0: DOUBLE (Line Drive, 89D, EV 105.6 MPH)
Batting: RHB Jayson Artmann 0-0: SINGLE (Flyball, 34D, EV 86.2 MPH)
Kellen Todd to third
Pinch Hitting: RHB Riley Mason 0-0: Foul Ball, location: 2F
0-1: Hit by Pitch
Jayson Artmann to second
Batting: RHB Ferd Chamberlain 0-0: Ball
1-0: Ball
2-0: Foul Ball, location: 2F
2-1: Fielders Choice at 2nd, 4-6 (Groundball, 4, EV 90.6 MPH)
Kellen Todd scores
Jayson Artmann to third
Batting: LHB Vince Key 0-0: Foul Ball, location: 2F
0-1: Reached on error, E3 (Groundball, 3, EV 85.6 MPH)
Jayson Artmann scores
Ferd Chamberlain to second
Batting: SHB Desi Madden 0-0: Called Strike
0-1: Ball
1-1: Ball
2-1: Fielders Choice at 2nd, 6-4 (Groundball, 6, EV 85.0 MPH)
Ferd Chamberlain to third
Batting: RHB Dick Fendley 0-0: Fly out, F8 (Flyball, 78M, EV 89.4 MPH)
Bottom of the 8th over - 2 runs, 2 hits, 1 error, 2 left on base; Pacific 10 - Long Beach State 3
TOP OF THE 9TH
Pacific Tigers batting - Pitching for Long Beach State 49ers : RHP Bert Sprayberry
Now in RF: Najeal Janssen
Pinch Hitting: RHB DreQuan Torralva 0-0: Called Strike
0-1: Swinging Strike
0-2: Foul Ball, location: 2F
0-2: Ball
1-2: Foul Ball, location: 2F
1-2: Ball
2-2: Ball
3-2: Ground out 5-3 (Groundball, 5, EV 78.1 MPH)
Batting: RHB Lemarr Fornasari 0-0: Ball
1-0: Ball
2-0: Ball
3-0: Called Strike
3-1: Foul Ball, location: 2F
3-2: SINGLE (Flyball, 78S, EV 83.8 MPH)
Pitching: LHP Brett Wells
Batting: RHB Darrow Hall 0-0: Ball
1-0: Ball
2-0: Ball
3-0: Called Strike
3-1: Called Strike
3-2: SINGLE (Flyball, 89S, EV 94.4 MPH)
Lemarr Fornasari to second
Batting: RHB Keaton Borneman 0-0: Ball
1-0: Ball
2-0: Fly out, F7 (Flyball, 78S, EV 88.1 MPH)
Batting: LHB Deontay Gardner 0-0: Fielders Choice at 2nd, 6-4 (Groundball, 6MD, EV 104.4 MPH)
Top of the 9th over - 0 runs, 2 hits, 0 errors, 2 left on base; Pacific 10 - Long Beach State 3
BOTTOM OF THE 9TH
Long Beach State 49ers batting - Pitching for Pacific Tigers : LHP Dule Sierra
Now at 2B: Will Frost
Batting: RHB Taylor Hughes 0-0: Called Strike
0-1: Ball
1-1: Ball
2-1: Ball
3-1: Foul Ball, location: 2F
3-2: Foul Ball, location: 2F
3-2: Ground out 1-3 (Groundball, P, EV 72.5 MPH)
Pinch Hitting: RHB Zachery Alexander 0-0: Ball
1-0: Ball
2-0: Ball
3-0: Called Strike
3-1: Called Strike
3-2: Base on Balls
Batting: LHB Kellen Todd 0-0: Ball
1-0: Foul Ball, location: 2F
1-1: Swinging Strike
1-2: Fly out, F8 (Flyball, 78D, EV 102.5 MPH)
Batting: RHB Jayson Artmann 0-0: Fly out, F9 (Line Drive, 9S, EV 99.4 MPH)
Bottom of the 9th over - 0 runs, 0 hits, 0 errors, 1 left on base; Pacific 10 - Long Beach State 3
Wednesday, April 17th , 2024 - OOTP Baseball 23.10 Build 110